Unix NetHack Version 5.0.0-0 post-release - last build May 31 2026 23:59:36 (970b52f25bf058293b47ddfd14a1e40e571c508c,branch:main).

Game began 2026-06-05 11:04:28, ended 2026-06-05 19:35:12.

Anarchos, lawful female dwarven Valkyrie

          ----
         --..--- ---  ----              ---       ----
   --- ---.....---.-- |..|       --------.--     --..|
   |.---.............--..--    ---..--.....--    |...|
   |......................---  |............|    --..|
    -..---..... ............|  -#...........--    --.|
    ---  ----... ......--...--###-...##-.....---- --.|
            --...........--......|..-# --^......| |^.---
    ----- ---|-...?...`-. .-####.#..#   ---.....---....|
    |...---.--...--......-.#   #...-#     --.--........|
    |............||.........--##....#      -----..--...|                   ---
    --...(.....---#....>..-(%.|--#..##         |........                   m@|
     |.........||...#-.....-#.####...#----     |.--....                    .d--
     --.......--|...||)...--|...#..[.....|     |.|--..                   .....|
      |........|--#-#--..--##--......##-.----  |.--|..                  .....--
      ---......- ###  #...|#......-#   |....----..||.|........-         ..----
       --.......      --.-#.)..--##     ##...-|...||.|.........- ---......--
       |........       #--#-.#-#        #.....|..--|...|..----...|.........|
       |....|.--           #--          ##.#-....| |..-|..|  --....--.--..--
       --..----                             -----  ---- ---   -------------
         ---
Anarchos the Skirmisher     St:18 Dx:12 Co:17 In:8 Wi:9 Ch:11  Lawful
Dlvl:6  $:3  HP:0(51) Pw:9(9) AC:-3 Xp:5/168 T:3174  Burdened

Latest messages:
 A little dart shoots out at you!
 You are hit by a little dart.
 You swap places with your large dog.
 You stop.  Your large dog is in the way!
 You stop.  Your large dog is in the way!
 You swap places with your large dog.
 You swap places with your large dog.
 You swap places with your large dog.
 You swap places with your large dog.
 You swap places with your large dog.
 You swap places with your large dog.
 You swap places with your large dog.
 The large dog picks up a leash.
 You stop.  Your large dog is in the way!
 The large dog drops a leash.
 You have a little trouble lifting j - a leash.
 You swap places with your large dog.
 You swap places with the peaceful gnome.
 The large dog bites the gnome.
 The gnome is killed!
 You feel something ooze from your pack!
 The large dog misses the giant mimic.
 You miss the giant mimic.
 The large dog misses the giant mimic.
 You hit the giant mimic.
 The large dog misses the giant mimic.
 You hit the giant mimic.
 The large dog bites the giant mimic.
 The giant mimic hits the large dog.
 The giant mimic misses the large dog.
 The large dog bites the giant mimic.
 The large dog bites the giant mimic.
 The giant mimic hits the large dog.
 The giant mimic hits the large dog.
 You miss the giant mimic.
 The giant mimic hits!
 The giant mimic hits again!
 You miss the giant mimic.
 The giant mimic hits!
 The giant mimic hits again!
 You miss the giant mimic.
 You hit the giant mimic.
 The giant mimic hits!
 The giant mimic hits again!
 You hit the giant mimic.
 You hit the giant mimic.
 The giant mimic hits!
 You die...
 Do you want your possessions identified? [ynq] (y) y
 Do you want to see your attributes? [ynq] (y) q

Inventory:
 Coins    ('$')
  $ - 3 gold pieces
 Weapons  (')')
  v - a cursed +0 elven bow
  C - 12 +0 darts
  f - a poisoned +0 dart
  b - a +0 dagger (alternate weapon; not wielded)
  a - a +1 dwarvish spear
  g - a +0 dwarvish spear
 Armor    ('[')
  r - an uncursed +0 orcish helm (being worn)
  Z - an uncursed +0 orcish helm
  i - an uncursed +0 pair of high boots (being worn)
  q - an uncursed +0 shield of reflection
  c - an uncursed +3 small shield (being worn)
  e - an uncursed +0 bronze plate mail (being worn)
 Comestibles  ('%')
  k - an uncursed slime mold
  d - 2 uncursed food rations
  U - an uncursed fortune cookie
  I - an uncursed tripe ration
  l - an uncursed lichen corpse
 Scrolls  ('?')
  w - an uncursed scroll of charging
  H - an uncursed scroll of identify
  K - an uncursed scroll of identify
  L - a cursed scroll of identify
  x - an uncursed scroll of scare monster
 Spellbooks  ('+')
  y - an uncursed spellbook of healing
  p - an uncursed spellbook of identify
  n - an uncursed spellbook of remove curse
 Potions  ('!')
  u - an uncursed potion of hallucination
  z - 2 blessed potions of healing
  h - an uncursed potion of healing
  T - an uncursed potion of object detection
 Wands    ('/')
  s - a wand of lightning (0:4)
  t - a wand of nothing (0:4)
  J - a wand of sleep (0:6)
 Tools    ('(')
  Q - an uncursed brass lantern
  j - an uncursed leash
  E - a cursed tin whistle
  P - an uncursed towel
  M - an uncursed wax candle
 Gems/Stones  ('*')
  A - an uncursed worthless piece of white glass
  O - an uncursed luckstone

Anarchos the Valkyrie's attributes:

Background:
 You were a Skirmisher, a level 5 dwarven Valkyrie.
 You were lawful, on a mission for Tyr
 who was opposed by Odin (neutral) and Loki (chaotic).
 You were right-handed.
 You were in the Gnomish Mines, on level 6.
 You entered the dungeon 3174 turns ago.
 You had 168 experience points, 152 more were needed to attain level 6.

Basics:
 You had 0 out of 51 hit points.
 You had all 9 energy points (spell power).
 Your armor class was -3.
 Your wallet contained 3 zorkmids.
 Autopickup was on for all types.

Final Characteristics:
 Your strength was 18 (limit:18/100).
 Your dexterity was 12 (limit:20).
 Your constitution was 17 (limit:20).
 Your intelligence was 8 (limit:16).
 Your wisdom was 9 (limit:16).
 Your charisma was 11 (limit:16).

Final Status:
 You were held by a giant mimic (west).
 You weren't hungry.
 You were burdened; movement was slightly slowed.
 You were bare handed.
 You were unskilled in bare handed combat.

Final Attributes:
 You were piously aligned.
 You were cold resistant.
 You had infravision.
 You were stealthy.
 You were warded.
 You were lucky.
 You had extra luck.
 Bad luck did not time out for you.
 Good luck did not time out for you.
 You are dead.

Miscellaneous:
 You didn't encounter any bones levels.
 Total elapsed playing time was 3 hours, 19 minutes and 37 seconds.

Major events:
 Turn
    1: Anarchos the lawful dwarven Valkyrie entered the dungeon
  782: attained the rank of Skirmisher (level 3)
 1739: entered the Gnomish Mines
 3174: killed by a giant mimic

You didn't know any spells.

Skills:
 Fighting Skills
   bare handed combat [Unskilled]
   two weapon combat  [Unskilled]
   riding             [Unskilled]
 Weapon Skills
   dagger             [Basic]
   axe                [Unskilled]
   pick-axe           [Unskilled]
   short sword        [Unskilled]
   broadsword         [Unskilled]
   long sword         [Unskilled]
   two-handed sword   [Unskilled]
   saber              [Unskilled]
   hammer             [Unskilled]
   quarterstaff       [Unskilled]
   polearms           [Unskilled]
   spear              [Basic]
   trident            [Unskilled]
   lance              [Unskilled]
   sling              [Unskilled]
 Spellcasting Skills
   attack spells      [Unskilled]
   escape spells      [Unskilled]

Voluntary challenges:
 Character rerolling was not enabled.
 You never genocided any monsters.
 You never polymorphed an object.
 You used no wishes.
Achievements:
 You entered a shop.
 You attained the rank of Skirmisher.
 You entered the Gnomish Mines.

 The Dungeons of Doom: levels 1 to 4
    Level 1:
    Level 2:
       Some fountains.
    Level 3:
       A weapon shop.
    Level 4:
       A scroll shop, a sink.
       Stairs down to The Gnomish Mines.
 The Gnomish Mines: levels 5 to 6
    Level 5:
    Level 6: <- You were here.
       Final resting place for
          you, killed by a giant mimic.


Vanquished creatures:
  a small mimic
  a wood nymph
  a fog cloud
  2 shriekers
  3 gnome leaders
  a gnomish wizard
  2 gray oozes
  3 elf zombies
  a dwarf
  a homunculus
  2 hill orcs
  a giant bat
 an orc zombie
  a dwarf zombie
  a werejackal
  2 iguanas
  a hobbit
  2 manes
  a large kobold
  a hobgoblin
  2 giant rats
  a yellow mold
  a green mold
  a red mold
 16 gnomes
  2 garter snakes
  a gecko
  4 jackals
  a fox
  a kobold
  a goblin
  2 grid bugs
  2 lichens
  2 kobold zombies
  2 newts
68 creatures vanquished.

No species were genocided or became extinct.

Game over:
                       ----------
                      /          \
                     /    REST    \
                    /      IN      \
                   /     PEACE      \
                  /                  \
                  |     Anarchos     |
                  |       3 Au       |
                  |   killed by a    |
                  |   giant mimic    |
                  |                  |
                  |                  |
                  |       2026       |
                 *|     *  *  *      | *
        _________)/\\_//(\/(/\)/\//\/|_)_______

Farvel Anarchos the Valkyrie...

You died in The Gnomish Mines on dungeon level 6 with 999 points,
and 3 pieces of gold, after 3174 moves.
You were level 5 with a maximum of 51 hit points when you died.

